 Dungeon Crawl Stone Soup version 0.29-a0-409-gd843f3a48c (webtiles) character file.

Game seed: 17930253926559947122

620 zeratav the Digger (level 7, 0/41 HPs)
             Began as an Octopode Earth Elementalist on May 14, 2022.
             Slain by an ice beast (10 damage)
             ... on level 5 of the Dungeon.
             The game lasted 00:07:32 (4750 turns).

zeratav the Digger (Octopode Earth Elementalist)    Turns: 4750, Time: 00:07:33

Health: 0/41       AC:  1    Str:  8    XL:     7   Next: 46%
Magic:  8/13       EV: 13    Int: 19    God:
Gold:   196        SH:  0    Dex: 12    Spells: 10/14 levels left

rFire   . . .      SeeInvis .   n - +2 whip (elec) {mace}
rCold   . . .      Faith    .   (no shield)
rNeg    . . .      Spirit   .   (helmet restricted)
rPois   .          Reflect  .   j - amulet of the acrobat
rElec   .          Harm     .   u - ring of wizardry
rCorr   .          Rampage  .   x - ring of wizardry
Will    .....                   (no ring)
Stlth   +++.......              (no ring)
HPRegen 0.13/turn               (no ring)
MPRegen 0.13/turn               (no ring)
                                (no ring)
                                (no ring)

@: no status effects
A: almost no armour, amphibious, 8 rings, camouflage 1, gelatinous body 1,
(nimble swimmer 1), tentacles
a: no special abilities


You were on level 5 of the Dungeon.
You visited 1 branch of the dungeon, and saw 6 of its levels.

You collected 196 gold pieces.


Innate Abilities, Weirdness & Mutations

You cannot wear most types of armour.
You are amphibious.
You can wear up to eight rings at the same time.
Your skin changes colour to match your surroundings (Stealth+).
Your rubbery body absorbs attacks. (AC +1, EV +1)
((You are camouflaged when in or above water. (Stealth+)))
You have tentacles for arms and can constrict up to eight enemies at once.


   Skills:
 - Level 2.0 Dodging
 - Level 2.6 Stealth
 + Level 4.4 Spellcasting
 - Level 1.0 Transmutations
 * Level 7.1 Earth Magic


You had 10 spell levels left.
You knew the following spells:

 Your Spells              Type           Power      Damage    Failure   Level
a - Sandblast             Erth           62%        2d14      1%          1
b - Stone Arrow           Conj/Erth      34%        3d9       2%          3

Your spell library contained the following spells:

 Spells                   Type           Power      Damage    Failure   Level
 Passwall                 Tmut/Erth      15%        N/A       1%          2
 Animate Skeleton         Necr           8%         N/A       3%          1
 Pain                     Necr           16%        1d4       3%          1
 Petrify                  Tmut/Erth      19%        N/A       7%          4
 Vampiric Draining        Necr           4%         2d6       11%         3
 Ice Form                 Ice/Tmut       6%         N/A       26%         4
 Hailstorm                Conj/Ice       4%         3d4       32%         4
 Excruciating Wounds      Necr           2%         N/A       63%         5
 Simulacrum               Ice/Necr       2%         N/A       99%         6
 Death's Door             Necr           2%         N/A       100%        9

Inventory:

Hand Weapons
 n - a +2 whip of electrocution (weapon) {mace}
   (You took it off a gnoll on level 2 of the Dungeon)
Missiles
 a - 163 stones {throwing}
Jewellery
 j - an amulet of the acrobat (around mantle)
   (You found it on level 1 of the Dungeon)
 u - a ring of wizardry (left tentacle)
   (You found it on level 3 of the Dungeon)
 x - a ring of wizardry (right tentacle)
   (You found it on level 3 of the Dungeon)
Wands
 v - a wand of flame (14)
   (You found it on level 3 of the Dungeon)
Scrolls
 d - a scroll of enchant weapon {unknown}
 f - 2 scrolls of brand weapon {unknown}
 i - a scroll of noise {unknown}
 k - a scroll of enchant armour {unknown}
 m - 4 scrolls of identify {unknown}
 q - a scroll of summoning {unknown}
 r - a scroll of immolation {unknown}
 w - a scroll of vulnerability {unknown}
 y - 3 scrolls of amnesia {unknown}
 z - a scroll of teleportation {unknown}
Potions
 b - a potion of magic
 c - 4 potions of curing {unknown}
 e - a potion of mutation {unknown}
 g - 2 potions of berserk rage {unknown}
 h - 5 potions of brilliance {unknown}
 l - 3 potions of cancellation {unknown}
 o - a potion of lignification {unknown}
 p - 2 potions of flight {unknown}
 s - 3 potions of attraction {unknown}
 t - a potion of invisibility {unknown}
 A - a potion of resistance {unknown}

Dungeon Overview and Level Annotations

Branches:
Dungeon (6/15)
 Temple: D:4-7

Altars:
Kikubaaqudgha
Ru

Shops:
D:2

= #.# #####.###
........####
#####..>...#
###.##.# #.##<#
#.##.#
#<##.#############
#.÷.......@.......
###########Y#####.
.# .# .# .# .# ..


You could see an ice beast.


Message History

You lost 1 mp, and now have 12/13 mp.
The blast of sand hits the gnoll!
You kill the gnoll!
A gnoll comes into view. It is wielding a +0 club.
MP[-1]
You lost 1 mp, and now have 11/13 mp.
The blast of sand hits the gnoll.
MP[-1]
You lost 1 mp, and now have 10/13 mp.
The blast of sand hits the gnoll.
MP[-1]
You lost 1 mp, and now have 9/13 mp.
The blast of sand hits the gnoll!!
You kill the gnoll!
MP[-1]
You lost 1 mp, and now have 8/13 mp.
The blast of sand hits the gnoll!
You kill the gnoll!
MP[-1]
You lost 1 mp, and now have 7/13 mp.
The blast of sand misses the gnoll.
The gnoll hits you from afar with a +0 spear!
HP[-9]
You take 9 damage, and now have 32/41 hp.
MASSIVE DAMAGE!! (PAUSE)
The blast of sand misses the gnoll.
The gnoll closely misses you.
MP[-1]
You lost 1 mp, and now have 6/13 mp.
The blast of sand hits the gnoll!
The gnoll hits you from afar with a +0 spear.
HP[-5] MP[-1]
You take 5 damage, and now have 27/41 hp.
You lost 1 mp, and now have 5/13 mp.
You are too injured to fight recklessly!
You are too injured to fight recklessly!
Casting: Sandblast (safe; 1% risk of failure)
Confirm with . or Enter, or press ? or * to list all spells.
Aiming: Sandblast (safe; 1% risk of failure)
Press: ? - help, Shift-Dir - straight line, f/p - gnoll
Aim: a gnoll, wielding a +0 spear (almost dead, 84% to hit)
The blast of sand hits the gnoll!
You kill the gnoll!
MP[-1]
You lost 1 mp, and now have 4/13 mp.
Items here: ))) ††.
HP[+14] MP[+9]
Your hp is fully restored (41).
Your mp is fully restored (13).
Things that are here:
a +0 spear {polearm}; a gnoll corpse
a - 168 stones {throwing} (gained 26)
c - 4 metallic brown potions (gained 1)
You now have 184 gold pieces (gained 16).
You see here a +0 ring mail.
Done exploring.
(D) Dungeon
Where to? (Enter - D:4, ? - help)
There is a stone staircase leading down here.
You climb downwards.
There is a stone staircase leading up here.
m - 4 scrolls labelled BOWEDYRASO (gained 1)
You now have 196 gold pieces (gained 12).
There is a stone staircase leading down here.
Found an escape hatch in the ceiling.
There is an escape hatch in the ceiling here.
An ice beast comes into view.
The blast of sand hits the ice beast!
MP[-1]
You lost 1 mp, and now have 12/13 mp.
The blast of sand misses the ice beast.
MP[-1]
You lost 1 mp, and now have 11/13 mp.
The blast of sand hits the ice beast but does no damage.
The ice beast hits you. The ice beast freezes you!
HP[-12] MP[-1]
You take 12 damage, and now have 29/41 hp.
MASSIVE DAMAGE!! (PAUSE)
You lost 1 mp, and now have 10/13 mp.
You are too injured to fight recklessly!
You are too injured to fight recklessly!
Casting: Sandblast (safe; 1% risk of failure)
Confirm with . or Enter, or press ? or * to list all spells.
Aiming: Sandblast (safe; 1% risk of failure)
Press: ? - help, Shift-Dir - straight line, f/p - ice beast
Aim: an ice beast (heavily wounded, 82% to hit)
The blast of sand hits the ice beast.
The ice beast hits you. The ice beast freezes you!
* * * LOW HITPOINT WARNING * * *
HP[-15] MP[-1]
You take 15 damage, and now have 14/41 hp.
MASSIVE DAMAGE!! (PAUSE)
You lost 1 mp, and now have 9/13 mp.
Casting: Sandblast (safe; 1% risk of failure)
Confirm with . or Enter, or press ? or * to list all spells.
Aiming: Sandblast (safe; 1% risk of failure)
Press: ? - help, Shift-Dir - straight line, f/p - ice beast
Aim: an ice beast (severely wounded, 82% to hit)
The blast of sand hits the ice beast.
The ice beast hits you.
* * * LOW HITPOINT WARNING * * *
The ice beast freezes you!
You die...

Skill      XL: |  1  2  3  4  5  6  7 |
---------------+----------------------+-----
Earth Magic    | 4 5 6 7 |  7.1
Spellcasting   | 3 4 |  4.4
Dodging        | |  2.0
Stealth        | |  2.6
Transmutations | |  1.0

Action                   |  1- 3 |  4- 6 |  7- 9 || total
-------------------------+-------+-------+-------++-------
Melee: Club              |     4 |       |       ||     4
       Constrict         |    14 |     9 |       ||    23
       Unarmed           |     3 |       |       ||     3
       Tentacles         |    10 |     9 |       ||    19
       Short sword       |    36 |       |       ||    36
       Whip              |       |    41 |       ||    41
       Punch             |       |     3 |       ||     3
 Cast: Sandblast         |    16 |    17 |    15 ||    48
       Stone Arrow       |       |     3 |     4 ||     7
 Stab: Sleeping          |     7 |     7 |       ||    14
Armor: Skin              |     1 |     1 |       ||     2
Dodge: Dodged            |    21 |    38 |     1 ||    60

Levels and vault maps discovered:
D:1:      dpeg_arrival_yet_another_circle, layout_basic, serial_rivers,
          chequers_serial_rivers_small_b, chequers_serial_rivers_large_b,
          chequers_serial_rivers_micro_b, chequers_serial_rivers_room_b,
          chequers_serial_rivers_micro_c, chequers_serial_rivers_large_a,
          chequers_ecumenical_altar_lobes
D:2:      layout_rooms, serial_shops, shop
D:3:      layout_basic, minmay_fractal_squares_diagonal_5
D:4:      layout_rooms, nicolae_ru_awakened_eye, mainiacjoe_overflow_boulevard
D:5:      layout_loops_ring, minmay_temple_entry_tees
D:6:      layout_cave_pools, overflow_temple_1_default,
          grunt_temple_overflow_octagram, makhleb_altar_promises_db,
          serial_column_ruins, column_ruins_open_tiny,
          column_ruins_columns_straight, column_ruins_columns_straight,
          column_ruins_grid_3, column_ruins_open_small, uniq_eustachio

Notes
Turn   | Place    | Note
-------+----------+-------------------------------------------
     0 | D:1      | zeratav the Octopode Earth Elementalist began the quest for
                  | the Orb.
     0 | D:1      | Reached XP level 1. HP: 11/11 MP: 3/3
     0 | D:1      | magus.rc [v1.9.6]
    91 | D:1      | HP: 2/11 [bat (1)]
   109 | D:1      | Reached XP level 2. HP: 5/17 MP: 0/5
   543 | D:1      | Found a faded altar of an unknown god.
  1016 | D:1      | Reached XP level 3. HP: 20/21 MP: 6/6
  1416 | D:1      | You pick up a book of Necromancy and begin reading...
  1416 | D:1      | You add the spells Pain, Animate Skeleton and Vampiric
                  | Draining to your library.
  1423 | D:1      | Learned a level 3 spell: Stone Arrow
  1548 | D:2      | Found Biewk's Jewellery Boutique.
  1599 | D:2      | Noticed a scorpion
  1600 | D:2      | Reached skill level 4 in Earth Magic
  2062 | D:2      | HP: 4/21 [gnoll/+0 whip (8)]
  2066 | D:1      | Reached XP level 4. HP: 6/27 MP: 5/8
  2353 | D:2      | You add the spells Excruciating Wounds and Death's Door to
                  | your library.
  2353 | D:2      | Got Ubiodel's Tome of Evil Arts
  2471 | D:1      | Killed a scorpion
  2472 | D:1      | Reached skill level 3 in Spellcasting
  2472 | D:1      | Reached skill level 5 in Earth Magic
  2472 | D:1      | Reached XP level 5. HP: 24/31 MP: 4/9
  2870 | D:3      | You fall into a shaft and drop 3 floors!
  2880 | D:5      | Entered Level 5 of the Dungeon
  2941 | D:3      | Reached XP level 6. HP: 34/36 MP: 4/11
  3785 | D:4      | Found an ancient bone altar of Kikubaaqudgha.
  3810 | D:4      | Reached skill level 6 in Earth Magic
  4043 | D:4      | Reached skill level 4 in Spellcasting
  4067 | D:4      | You pick up a book of the Tundra and begin reading...
  4067 | D:4      | You add the spells Hailstorm, Ice Form and Simulacrum to
                  | your library.
  4103 | D:4      | Noticed an ice beast
  4195 | D:4      | Found a sacrificial altar of Ru.
  4205 | D:4      | Reached XP level 7. HP: 41/41 MP: 6/13
  4378 | D:4      | Reached skill level 7 in Earth Magic
  4750 | D:5      | HP: 10/41 [ice beast (4)]
  4750 | D:5      | Slain by an ice beast

Vanquished Creatures
  An ice beast (D:4)
  A kobold brigand (D:4)
  A bullfrog (D:4)
  3 scorpions
  2 hounds (D:4)
  An adder (D:5)
  8 gnolls
  2 worms (D:2)
  2 dart slugs (D:1)
  An orc (D:3)
  8 bats
  An endoplasm (D:1)
  3 giant cockroaches
  6 goblins
  6 hobgoblins
  12 kobolds
  2 quokkas
  2 ball pythons (D:3)
  3 frilled lizards
  6 rats
71 creatures vanquished.

Table legend:
 A = Non-vault XP
 B = Vault XP
 C = Vault XP percentage of total XP
 D = Non-vault monster count
 E = Vault monster count
 F = Vault count percentage of total count
                 A         B        C        D         E       F
            +---------+---------+-------+---------+---------+-------
      Total |     877 |       9 |   1.0 |      65 |       6 |   8.5
            +---------+---------+-------+---------+---------+-------
        D:1 |     154 |       0 |   0.0 |      26 |       0 |   0.0
        D:2 |      53 |       0 |   0.0 |      14 |       0 |   0.0
        D:3 |      14 |       9 |  39.1 |       9 |       6 |  40.0
        D:4 |     642 |       0 |   0.0 |      15 |       0 |   0.0
        D:5 |      14 |       0 |   0.0 |       1 |       0 |   0.0
            +---------+---------+-------+---------+---------+-------

Illustrated notes

Table legend:
 A = Kills in this place as a percentage of kills in entire the game.
 B = Kills by you in this place as a percentage of kills by you in the entire game.
 C = Kills by friends in this place as a percentage of kills by friends in the entire game.
 D = Other kills in this place as a percentage of other kills in the entire game.
 E = Experience gained in this place as a percentage of experience gained in the entire game.
 F = Experience gained in this place divided by the number of levels of this place that you have seen.
                   A       B       C       D       E      F
               +-------+-------+-------+-------+-------+----------------------
         Total | 100.0 | 100.0 |   N/A |   N/A | 100.0 | 147.7
       Dungeon | 100.0 | 100.0 |   N/A |   N/A | 100.0 | 147.7
               +-------+-------+-------+-------+-------+----------------------

Table legend: (Time is in decaauts)
 A = Elapsed time spent in this place.
 B = Non-inter-level travel time spent in this place.
 C = Inter-level travel time spent in this place.
 D = Time resting spent in this place.
 E = Time spent auto-exploring this place.
 F = Levels seen in this place.
 G = Mean time per level.
                   A        B        C        D        E       F      G
               +--------+--------+--------+--------+--------+-----+--------+
         Total |   4763 |   4570 |    193 |    944 |   2919 |   6 |  793.8 |
       Dungeon |   4763 |   4570 |    193 |    944 |   2919 |   6 |  793.8 |
               +--------+--------+--------+--------+--------+-----+--------+

Top non-repeatable levels by time:
     D:1: 2082 daAuts
     D:4: 1019 daAuts
     D:3: 808 daAuts
     D:2: 792 daAuts
     D:5: 51 daAuts
     D:6: 9 daAuts
